 Dungeon Crawl Stone Soup version 0.25-a0-185-g6cfeca75b2 (webtiles) character file.

Game seed: 8704363818276007483, levelgen mode: deterministic

187 Leeroy the Conjurer (level 5, -4/38 HPs)
             Began as a Draconian Conjurer on Nov 27, 2019.
             Killed by nerve-wracking pain
             ... invoked by Grinder
              (9 damage)
             ... on level 3 of the Dungeon.
             The game lasted 00:05:57 (3310 turns).

Leeroy the Conjurer (Draconian Conjurer)            Turns: 3310, Time: 00:05:58

Health: -4/38      AC:  7    Str: 10    XL:     5   Next: 39%
Magic:  1/8        EV: 12    Int: 17    God:
Gold:   153        SH:  0    Dex: 11    Spells: 1/8 levels left

rFire    . . .     SeeInvis .   w - +0 whip (venom)
rCold    . . .     Gourm    .   (no shield)
rNeg     . . .     Faith    .   (armour unavailable)
rPois    .         Spirit   .   (helmet restricted)
rElec    .         Reflect  .   (no cloak)
rCorr    .         Harm     .   (no gloves)
MR       .....                  k - +1 pair of boots
Stlth    ++........             (no amulet)
HPRegen  0.12/turn              (no ring)
MPRegen  0.11/turn              (no ring)

@: no status effects
A: unfitting armour, cold-blooded, AC +5
a: no special abilities


You were on level 3 of the Dungeon.
You were hungry.

You visited 1 branch of the dungeon, and saw 3 of its levels.

You collected 153 gold pieces.

Inventory:

Hand Weapons
 d - a +0 mace
 g - a +0 dagger
 i - a +0 hand axe
 v - a +0 short sword
 w - a +0 whip of venom (weapon)
Missiles
 t - 7 poisoned darts (quivered)
Armour
 k - a +1 pair of boots (worn)
Jewellery
 m - an uncursed amulet of regeneration {unknown}
 q - an uncursed ring of protection from magic {unknown}
Scrolls
 c - a scroll of enchant armour {unknown}
 h - 4 scrolls of identify {unknown}
 j - a scroll of remove curse
 l - a scroll of magic mapping {unknown}
 n - a scroll of random uselessness {unknown}
 o - a scroll of immolation {unknown}
 p - a scroll of amnesia {unknown}
 s - 2 scrolls of teleportation {unknown}
Potions
 a - a potion of heal wounds
 e - a potion of resistance {unknown}
 f - a potion of curing {unknown}
 r - a potion of lignification {unknown}
Comestibles
 b - 7 rations
 u - a chunk of flesh


   Skills:
 - Level 1.7 Dodging
 - Level 1.7 Stealth
 - Level 2.0 Spellcasting
 + Level 6.7 Conjurations


You had one spell level left.
You knew the following spells:

 Your Spells              Type           Power        Failure   Level  Hunger
a - Magic Dart            Conj           ###.         1%          1    #......
b - Searing Ray           Conj           ###...       1%          2    ###....
c - Iskenderun's Mystic   Conj           ###.....     12%         4    #####..

Your spell library contained the following spells:

 Spells                   Type           Power        Failure   Level  Hunger
 Corona                   Hex            #......      19%         1    #......
 Dazzling Spray           Conj/Hex       ##....       14%         3    ###....
 Ensorcelled Hibernation  Hex/Ice        #.....       28%         2    ###....
 Force Lance              Conj/Tloc      ##......     43%         4    #####..
 Fulminant Prism          Conj/Hex       ##........   43%         4    #####..
 Confuse                  Hex            #.......     50%         3    ###....
 Tukima's Dance           Hex            #.......     50%         3    ###....


Dungeon Overview and Level Annotations

Branches:
Dungeon (3/15)

Altars:
Zin

Annotations:
D:2 Sigmund
D:3 Grinder


Innate Abilities, Weirdness & Mutations

Your plain brown scales are hard. (AC +5)
You cannot fit into any form of body armour.
You are cold-blooded and may be slowed by cold attacks.


Message History

You hit Grinder.
Grinder is poisoned.
Your tail-slap misses Grinder.
Grinder is almost dead.
The hobgoblin closely misses you.
Grinder blinks!
You completely miss Grinder.
Your tail-slap misses Grinder.
Grinder is almost dead.
The hobgoblin hits you.
* * * LOW HITPOINT WARNING * * *
Grinder blinks!
You barely miss Grinder.
Grinder is almost dead.
The hobgoblin closely misses you. Grinder hits you.
* * * LOW HITPOINT WARNING * * *
You writhe in agony.
* * * LOW HITPOINT WARNING * * *
The hobgoblin hits you but does no damage.
You barely miss the hobgoblin. Grinder completely misses you.
The hobgoblin hits you but does no damage.
Grinder gestures at you. Pain shoots through your body!
You die...

#.# #.#...#.# #.#
#.#...#.# #.#
#....... #.# #.#
..# #.# #.##.##.
..# #####.......
#.......# #
#5#.<...###.#
#@#.........###
#g#.............
#.#...÷..##.####
#####.###.......#
#......##.......#
#.##.#.##.......#
#.#.##.......#
#...##<......#
##†.##.......#


You could see Grinder and a hobgoblin.

Vanquished Creatures
  An orc priest (D:2)
  Jessica (D:2)
  Terence (D:2)
  An orc wizard (D:2)
  A gnoll (D:1)
  4 adders
  3 leopard geckos
  3 orcs (D:2)
  2 giant cockroaches (D:1)
  2 goblins
  5 hobgoblins
  A kobold (D:1)
  A ball python (D:1)
  3 bats
  6 frilled lizards
  5 rats
40 creatures vanquished.

Notes
Turn   | Place    | Note
-------+----------+-------------------------------------------
     0 | D:1      | Leeroy the Draconian Conjurer began the quest for the Orb.
     0 | D:1      | Reached XP level 1. HP: 14/14 MP: 3/3
     0 | D:1      | Noticed a formicid
     2 | D:1      | Noticed a felid
     4 | D:1      | Noticed a vine stalker
     5 | D:1      | Noticed a vampire
     7 | D:1      | Noticed a minotaur skeleton
    10 | D:1      | Noticed an ogre
    12 | D:1      | Noticed an octopode
    16 | D:1      | Noticed a ghoul
   470 | D:1      | Reached XP level 2. HP: 10/20 MP: 5/5
   481 | D:1      | Learned a level 2 spell: Searing Ray
   994 | D:1      | Reached skill level 5 in Conjurations
  1021 | D:1      | Reached XP level 3. HP: 23/26 MP: 6/6
  1664 | D:2      | Noticed Terence
  1711 | D:2      | Killed Terence
  1711 | D:2      | Reached XP level 4. HP: 27/33 MP: 2/7
  1745 | D:2      | Found a glowing silver altar of Zin.
  1748 | D:2      | Noticed Jessica
  1753 | D:2      | Killed Jessica
  1753 | D:2      | Reached skill level 6 in Conjurations
  1785 | D:2      | Noticed Sigmund
  2534 | D:2      | Reached XP level 5. HP: 12/38 MP: 3/8
  2905 | D:2      | Learned a level 4 spell: Iskenderun's Mystic Blast
  3264 | D:3      | Noticed Grinder
  3303 | D:3      | Paralysed by Grinder for 2 turns
  3310 | D:3      | Killed from afar by Grinder

Levels and vault maps discovered:
D:1:      shiori_arrival_whats_in_store_for_you, layout_rooms
D:2:      layout_loops_ring, zin_academy, grunt_decor_resistance, uniq_jessica,
          uniq_terence, uniq_sigmund
D:3:      layout_loops_cross, nicolae_overflow_crystal_walls, first_ration,
          grunt_ministairs_9, grunt_decor_cap, uniq_grinder

Skill      XL: |  1  2  3  4 |
---------------+-------------+-----
Conjurations   | 5 6 |  6.7
Dodging        | |  1.7
Stealth        | |  1.7
Spellcasting   | |  2.0

Action                   |  1- 3 |  4- 6 || total
-------------------------+-------+-------++-------
Melee: Mace              |    45 |       ||    45
       Unarmed           |     8 |       ||     8
       Tailslap          |    13 |     8 ||    21
       Hand axe          |     8 |       ||     8
       Dagger            |    12 |    30 ||    42
       Whip              |       |    34 ||    34
Throw: Dart              |       |     4 ||     4
 Cast: Magic Dart        |     5 |       ||     5
       Searing Ray       |     5 |     5 ||    10
       Iskenderun's Myst |       |     2 ||     2
  Use: Scroll            |     1 |       ||     1
       Potion            |       |     1 ||     1
 Stab: Sleeping          |     1 |     1 ||     2
  Eat: Chunk             |     3 |     5 ||     8
Armor: Skin              |    33 |    31 ||    64
Dodge: Dodged            |    71 |    57 ||   128

Table legend:
 A = Non-vault XP
 B = Vault XP
 C = Vault XP percentage of total XP
 D = Non-vault monster count
 E = Vault monster count
 F = Vault count percentage of total count
                 A         B        C        D         E       F
            +---------+---------+-------+---------+---------+-------
      Total |     195 |      73 |  27.2 |      38 |       2 |   5.0
            +---------+---------+-------+---------+---------+-------
        D:1 |      41 |       0 |   0.0 |      19 |       0 |   0.0
        D:2 |     133 |      73 |  35.4 |      14 |       2 |  12.5
        D:3 |      21 |       0 |   0.0 |       5 |       0 |   0.0
            +---------+---------+-------+---------+---------+-------
